 Dungeon Crawl Stone Soup version 0.24.0-123-gd5b16e6ec5 (webtiles) character file.

Game seed: 11479853386261216391, levelgen mode: deterministic

95 mmrezaie the Skirmisher (level 4, 42/42 HPs)
             Began as a Minotaur Berserker on Dec 19, 2019.
             Was a Believer of Trog (penitent).
             Quit the game on level 3 of the Dungeon.
             The game lasted 00:28:38 (2886 turns).

mmrezaie the Skirmisher (Minotaur Berserker)        Turns: 2886, Time: 00:28:39

Health: 42/42      AC:  5    Str: 22    XL:     4   Next: 39%
Magic:  3/3        EV:  8    Int:  5    God:    Trog [*]
Gold:   81         SH:  7    Dex:  9    Spells: 1/3 levels left

rFire    . . .     SeeInvis .   a - +0 mace
rCold    . . .     Gourm    .   n - +0 shield
rNeg     . . .     Faith    .   f - +0 ring mail
rPois    .         Spirit   .   (helmet restricted)
rElec    .         Reflect  .   (no cloak)
rCorr    .         Harm     .   (no gloves)
MR       .....                  (no boots)
Stlth    ..........             (no amulet)
HPRegen  0.14/turn              (no ring)
MPRegen  0.08/turn              (no ring)

@: no status effects
A: retaliatory headbutt, horns 2
a: Renounce Religion


You were on level 3 of the Dungeon.
You worshipped Trog.
Trog was demanding penance.
You were not hungry.

You visited 1 branch of the dungeon, and saw 3 of its levels.

You collected 81 gold pieces.

Inventory:

Hand Weapons
 a - a +0 mace (weapon)
 k - a +1 whip of venom
 w - a +0 hunting sling
 x - a +0 hunting sling
Missiles
 g - 56 stones (quivered)
 s - 4 javelins
Armour
 f - a +0 ring mail (worn)
 n - a +0 shield (worn)
Jewellery
 b - an uncursed ring of wizardry {unknown}
 h - an uncursed ring of positive energy {unknown}
 i - an uncursed ring of poison resistance {unknown}
Scrolls
 d - a scroll of identify {unknown}
 e - a scroll of teleportation {unknown}
 v - a scroll of fear {unknown}
Potions
 c - a potion of haste {unknown}
 j - 2 potions of flight {unknown}
 l - a potion of heal wounds {unknown}
 m - a potion of mutation {unknown}
 o - a potion of agility {unknown}
 p - a potion of resistance {unknown}
 q - a potion of curing {unknown}
 t - a potion of might {unknown}
 u - a potion of ambrosia {unknown}
Comestibles
 r - 10 chunks of flesh


   Skills:
 + Level 5.0 Fighting
 + Level 5.0 Maces & Flails
 + Level 2.9 Armour
 - Level 2.1 Dodging


You had one spell level left.
You knew the following spells:

 Your Spells              Type           Power        Failure   Level  Hunger
a - Slow                  Hex            #.......     100%        2    ###....

Your spell library contained the following spells:

 Spells                   Type           Power        Failure   Level  Hunger
 Magic Dart               Conj           #...         99%         1    ##.....
 Blink                    Tloc           N/A          100%        2    ###....
 Call Imp                 Summ           #.......     100%        2    ###....
 Conjure Flame            Conj/Fire      #.......     100%        3    ####...
 Mephitic Cloud           Conj/Pois/Air  #.......     100%        3    ####...


Dungeon Overview and Level Annotations

Branches:
Dungeon (3/15)

Altars:
Cheibriados

Annotations:
D:1 stair


Innate Abilities, Weirdness & Mutations

You reflexively headbutt those who attack you in melee.
You have a pair of horns on your head.


Message History

Input macro trigger key: \{27} Input macro action:
Okay, then.
Unknown command.
You can't go down here!
You can't go up here!
Okay, then.
You see here a rat skeleton.
Unknown command.
Unknown command.
Unknown command.
Unknown command.
Save game and exit? [Y]es or [N]o only, please.
Save game and exit?
Welcome back, mmrezaie the Minotaur Berserker.
Trog rages: Kill them all!
Press ? for a list of commands and other information.
Unknown command.
Are you sure you want to abandon this character and quit the game? (Confirm with "yes".)

#.......# .#
####
#.......# .#
#....)..# .#
#.......# .#
#...[...# .#
##.....## .#
#..#..####.#
#.#_#....<.#
#รท@#...#####
#.....##
##..### ##.#
#... #####


There were no monsters in sight!

Vanquished Creatures
  A gnoll (D:1)
  2 adders
  An ooze (D:2)
  A worm (D:2)
  3 leopard geckos
  An orc (D:3)
  3 bats
  11 goblins
  5 hobgoblins
  6 jackals
  2 quokkas
  3 frilled lizards (D:1)
  9 kobolds
  5 rats
  4 plants (D:2)
57 creatures vanquished.

Notes
Turn   | Place    | Note
-------+----------+-------------------------------------------
     0 | D:1      | mmrezaie the Minotaur Berserker began the quest for the
                  | Orb.
     0 | D:1      | Reached XP level 1. HP: 19/19 MP: 0/0
   511 | D:1      | Reached XP level 2. HP: 24/27 MP: 1/1
   800 | D:1      | Reached XP level 3. HP: 13/34 MP: 2/2
  1318 | D:2      | Found a snail-covered altar of Cheibriados.
  1400 | D:2      | Reached ** piety under Trog
  2355 | D:2      | Reached XP level 4. HP: 41/41 MP: 3/3
  2809 | D:3      | Found a faded altar of an unknown god.
  2813 | D:3      | Reached skill level 5 in Fighting
  2816 | D:3      | Reached skill level 5 in Maces & Flails
  2854 | D:3      | Was placed under penance by Trog
  2857 | D:3      | Learned a level 2 spell: Slow
  2886 | D:3      | Quit the game

Levels and vault maps discovered:
D:1:      dpeg_arrival_chambers_temple_mockup, layout_basic, fountainhead
D:2:      layout_loops_cross, cheibriados_altar_1, serial_bayou_crossing
D:3:      kennysheep_the_goblin_king, layout_loops_ring, minitemple,
          chequers_ecumenical_altar_simple, kennysheep_another_room

Skill      XL: |  1  2  3  4 |
---------------+-------------+-----
Fighting       | 4 5 |  5.0
Maces & Flails | 4 5 |  5.0
Armour         | |  2.9
Dodging        | |  2.1

Action                   |  1- 3 |  4- 6 || total
-------------------------+-------+-------++-------
Melee: Mace              |    49 |     2 ||    51
       Headbutt          |    33 |     1 ||    34
       Whip              |    91 |    24 ||   115
Throw: Stone             |     9 |       ||     9
Invok: Berserk           |     3 |       ||     3
  Eat: Chunk             |     3 |     2 ||     5
       Ration            |     1 |       ||     1
Armor: Animal skin       |     4 |       ||     4
       Ring mail         |    13 |     6 ||    19
Dodge: Dodged            |    51 |     5 ||    56
Block: Shield            |    10 |     7 ||    17
